 Dungeon Crawl Stone Soup version 0.27.0-1-g7a089689b8 (webtiles) character file.

Game seed: 11902847451585543887

4898 Cykl0x the Carver (level 10, 0/126 HPs)
             Began as a Minotaur Fighter on Aug 3, 2021.
             Was a Follower of the Shining One.
             Succumbed to a killer bee's poison
             ... on level 9 of the Dungeon.
             The game lasted 00:12:28 (9289 turns).

Cykl0x the Carver (Minotaur Fighter)                Turns: 9289, Time: 00:12:28

Health: 0/126      AC: 25    Str: 24    XL:     10   Next: 27%
Magic:  13/13      EV:  2    Int: 11    God:    the Shining One [*.....]
Gold:   340        SH: 12    Dex: 10    Spells: 9/9 levels left

rFire    . . .     SeeInvis .   g - +1 long sword (holy)
rCold    + . .     Faith    .   c - +1 kite shield
rNeg     + + +     Spirit   .   (armour currently unavailable)
rPois    +         Reflect  .   (helmet currently unavailable)
rElec    .         Harm     .   (cloak currently unavailable)
rCorr    .         Rampage  .   (gloves currently unavailable)
Will     .....     NoTele   +   (boots currently unavailable)
Stlth    +.........             (no amulet)
HPRegen  0.31/turn              j - +6 ring of intelligence
MPRegen  0.13/turn              m - ring of protection from cold

@: lethally poisoned (0 -> -5), tree-form, glowing
A: stationary, stasis, torment immunity, boosted hp, (horns 2), (retaliatory
headbutt)
a: Renounce Religion


You were on level 9 of the Dungeon.
You worshipped the Shining One.
The Shining One was aware of your devotion.
You were a tree.
You visited 2 branches of the dungeon, and saw 10 of its levels.

You collected 340 gold pieces.

Inventory:

Hand Weapons
 g - a +1 long sword of holy wrath (weapon)
 k - a +1 dagger of speed
Missiles
 f - 178 stones (quivered)
Armour
 b - a +0 scale mail
 c - a +1 kite shield (worn)
 l - a +0 chain mail (melded)
Jewellery
 j - a +6 ring of intelligence (left branch)
 m - a ring of protection from cold (right branch)
Wands
 i - a wand of iceblast (12)
 o - a wand of charming (13)
 s - a wand of acid (7)
Scrolls
 q - a scroll of immolation
 r - a scroll of magic mapping
Potions
 d - a potion of might
 h - a potion of brilliance


   Skills:
 + Level 6.8 Fighting
 + Level 9.9 Long Blades
 + Level 3.0 Throwing
 + Level 9.4 Armour
 + Level 3.1 Dodging
 + Level 7.5 Shields
 * Level 6.1 Invocations


You had 9 spell levels left.
You didn't know any spells.
Your spell library was empty.

Dungeon Overview and Level Annotations

Branches:
Dungeon (9/15)             Temple (1/1) D:6
   Lair: D:8-11         Orc: D:9-12

Altars:
Ashenzari
Elyvilon
Fedhas
Hepliaklqana
Kikubaaqudgha
Nemelex Xobeh
Okawaru
Qazlal
Sif Muna
Uskayaw
Vehumet
Wu Jian
Xom
Yredelemnul
Zin
The Shining One

Shops:
D:4 (   D:6 [

Annotations:
D:5 Blork the orc


Innate Abilities, Weirdness & Mutations

You are a tree.
Your roots penetrate the ground, keeping you stationary.
You cannot be teleported.
You are immune to unholy pain and torment.
Your maximum health is greatly increased.
Your equipment is partially melded.
((You have a pair of horns on your head.))
((You reflexively headbutt those who attack you in melee.))


Message History

You block the killer bee's attack. x3
You cannot move.
Unknown command.
You cannot move.
Unknown command.
You barely miss the killer bee.
The killer bee is severely wounded.
* * * LOW HITPOINT WARNING * * *
You feel very sick.
The killer bee stings you but does no damage.
You block the killer bee's attack.
Something unseen opens the door.
The killer bee stings you.
* * * LOW HITPOINT WARNING * * *
The killer bee stings you but does no damage.
A kobold brigand comes into view.
It is wielding a +0 dagger and quivering curare-tipped darts.
The kobold brigand shouts!
You hit the killer bee.
You kill the killer bee!
* * * LOW HITPOINT WARNING * * *
You feel sick.
You hear a shout! x2
You block the killer bee's attack.
The killer bee stings you but does no damage.
You hit the killer bee.
The killer bee is moderately wounded.
* * * LOW HITPOINT WARNING * * *
You feel sick.
The killer bee stings you but does no damage. x2
The kobold brigand throws a curare-tipped dart.
You block the curare-tipped dart.
You hit the killer bee.
The killer bee is severely wounded.
* * * LOW HITPOINT WARNING * * *
You feel sick.
The killer bee stings you but does no damage.
You block the killer bee's attack.
A kobold comes into view. It is wielding a +0 whip.
You hit the killer bee.
The killer bee is almost dead.
You die...

#.. +.. #####.. ...
....... ... .......
.... .......####
.....
..........##'#K....
.......♣..K........
..#####†y..........
#..##'#####.
#..#......# ####
#..#......###....
#..#.............
#..#...........>.
#..##............
#...#.........#


You could see a kobold brigand, a killer bee and a kobold.

Vanquished Creatures
  The ghost of floatboth the Poker, a novice DsGl of Qazlal (D:4)
  Prince Ribbit (D:7)
  A slime creature (D:6)
  Sigmund (D:5)
  5 yaks (D:8)
  Edmund (D:4)
  A water moccasin (D:8)
  2 sky beasts
  2 orc warriors
  A hornet zombie (D:7)
  2 ice beasts (D:6)
  3 ogres
  A black bear (D:5)
  2 necrophages
  A centaur (D:7)
  A phantom (D:5)
  A kobold brigand (D:7)
  2 bullfrogs (D:7)
  2 scorpions
  A water moccasin zombie (D:5)
  A wyvern skeleton (D:7)
  2 water moccasin skeletons (D:4)
  8 killer bees
  A howler monkey (D:7)
  A centaur zombie (D:9)
  6 jellies
  2 bullfrog skeletons
  A hound (D:4)
  4 orc priests
  A centaur skeleton (D:3)
  3 iguanas
  7 orc wizards
  A howler monkey skeleton (D:6)
  5 adders
  A gnoll (D:1)
  A white imp (D:6)
  An adder skeleton (D:4)
  A worm (D:2)
  3 dart slugs
  18 orcs
  6 ball pythons
  2 bats
  17 endoplasms
  A giant cockroach (D:4)
  7 goblins
  4 hobgoblins
  9 jackals
  5 quokkas
  2 frilled lizards
  5 kobolds
  A rat (D:1)
  A spectral goblin (D:5)
160 creatures vanquished.

Vanquished Creatures (others)
  An orc wizard (D:5)
  8 fungi (D:6)
  4 plants (D:7)
13 creatures vanquished.

Grand Total: 173 creatures vanquished

Notes
Turn   | Place    | Note
-------+----------+-------------------------------------------
     0 | D:1      | Cykl0x the Minotaur Fighter began the quest for the Orb.
     0 | D:1      | Reached XP level 1. HP: 19/19 MP: 0/0
    30 | D:1      | Reached XP level 2. HP: 13/27 MP: 1/1
   323 | D:1      | Reached skill level 1 in Dodging
   407 | D:1      | Reached XP level 3. HP: 30/33 MP: 2/2
  1409 | D:2      | Reached XP level 4. HP: 35/40 MP: 3/3
  1811 | D:3      | Found a faded altar of an unknown god.
  1936 | D:3      | Found a white marble altar of Elyvilon.
  1939 | D:3      | Became a worshipper of Elyvilon the Healer
  1963 | D:3      | Found a broken altar of Ashenzari.
  2322 | D:4      | Reached XP level 5. HP: 33/46 MP: 4/4
  2436 | D:4      | Noticed Edmund
  2448 | D:4      | Killed Edmund
  2449 | D:4      | Reached skill level 1 in Throwing
  2449 | D:4      | Reached skill level 1 in Invocations
  2583 | D:4      | Reached XP level 6. HP: 46/53 MP: 5/5
  2655 | D:4      | Reached skill level 5 in Armour
  2887 | D:4      | Reached * piety under Elyvilon
  3137 | D:4      | Found Omonuosa's Antique Weapon Boutique.
  3866 | D:4      | Found a runed translucent gate.
  3866 | D:4      | Found a runed translucent gate.
  3867 | D:4      | Found a runed translucent gate.
  3868 | D:4      | Noticed floatboth's ghost (novice DsGl)
  3882 | D:4      | Killed floatboth's ghost
  3883 | D:4      | Reached skill level 5 in Long Blades
  3883 | D:4      | Reached skill level 5 in Shields
  3883 | D:4      | Reached XP level 7. HP: 60/60 MP: 6/8
  3960 | D:5      | Entered Level 5 of the Dungeon
  3960 | D:5      | Noticed Sigmund
  3967 | D:4      | Reached skill level 5 in Fighting
  3985 | D:5      | Killed Sigmund
  3986 | D:5      | Reached XP level 8. HP: 39/68 MP: 9/9
  4136 | D:5      | Identified the +1 scale mail of Gestures {Drain rElec
                  | Will+++ MP+9}
  5521 | D:5      | Noticed Blork the orc
  5528 | D:5      | Found a shimmering blue altar of Sif Muna.
  5718 | D:5      | Reached ** piety under Elyvilon
  5882 | D:5      | Found a hazy altar of Hepliaklqana.
  5947 | D:6      | Found Ditaoh's Antique Armour Boutique.
  5959 | D:6      | Reached XP level 9. HP: 75/75 MP: 11/11
  5963 | D:6      | Found a staircase to the Ecumenical Temple.
  5977 | Temple   | Entered the Ecumenical Temple
  6086 | Temple   | Fell from the grace of Elyvilon
  6086 | Temple   | Became a worshipper of the Shining One
  6472 | D:6      | Found a shimmering altar of Xom.
  6503 | D:6      | Found a basalt altar of Yredelemnul.
  6675 | D:6      | Reached * piety under the Shining One
  7124 | D:6      | Found an ancient bone altar of Kikubaaqudgha.
  7218 | D:7      | Found a hide-covered altar of Uskayaw.
  7221 | D:7      | Noticed Prince Ribbit
  7237 | D:7      | Reached skill level 5 in Invocations
  7375 | D:7      | Killed Prince Ribbit
  8375 | D:8      | Reached XP level 10. HP: 84/84 MP: 13/13
  9286 | D:9      | HP: 5/126 [poisoned by a killer bee]
  9288 | D:9      | HP: 2/126 [poisoned by a killer bee]
  9289 | D:9      | Succumbed to a killer bee's poison

Illustrated notes

Levels and vault maps discovered:
D:1:      elethiomel_arrival_quiet, layout_basic
D:2:      layout_loops_ring
D:3:      layout_rooms, mainiacjoe_overflow_swirl,
          hellmonk_ecumenical_altar_arch_garden
D:4:      layout_layer_cave, serial_shops, kennysheep_mini_moat,
          ebering_ghost_rock_garden, uniq_edmund
D:5:      layout_loops_ring, tgw_sif, nicolae_hepliaklqana_monster_ancestors,
          uniq_sigmund
D:6:      lemuel_slime, layout_rooms, general_overflow_altar,
          grunt_temple_overflow_open, minmay_temple_entry_waves, serial_shops,
          nicolae_stop_n_shop_2, minivault_26
D:7:      layout_basic, mainiacjoe_overflow_boulevard, grunt_ministairs_6,
          kennysheep_opposing_triangles, uniq_prince_ribbit1
D:8:      layout_loops_corners
D:9:      layout_irregular_city, chei_slow_surprise,
          nicolae_dithmenos_the_darkroom, mainiacjoe_overflow_alcove_2,
          david_lair_generic, uniq_erolcha, uniq_psyche, uniq_joseph
Temple:   minmay_temple_curvy_loop

Skill      XL: |  1  2  3  4  5  6  7  8  9 10 |
---------------+-------------------------------+-----
Shields        | 4 5 6 7 |  7.5
Armour         | 4 5 6 7 9 |  9.4
Dodging        | 1 2 3 |  3.1
Fighting       | 4 5 6 |  6.8
Long Blades    | 3 4 5 6 7 9 |  9.9
Throwing       | 1 2 3 |  3.0
Invocations    | 1 2 3 4 5 6 |  6.1

Action                   |  1- 3 |  4- 6 |  7- 9 | 10-12 || total
-------------------------+-------+-------+-------+-------++-------
Melee: Long sword        |    87 |       |     3 |    53 ||   143
       Headbutt          |     8 |    24 |    58 |    11 ||   101
       Falchion          |       |   105 |   302 |       ||   407
Throw: Stone             |    22 |    29 |    26 |       ||    77
  Use: Scroll            |     2 |     2 |     6 |     4 ||    14
       Potion            |       |     2 |     2 |     2 ||     6
Armor: Scale mail        |    47 |    15 |       |       ||    62
       Chain mail        |       |    24 |   126 |    30 ||   180
       Skin              |       |       |       |    17 ||    17
Dodge: Dodged            |    32 |    37 |    52 |    24 ||   145
Block: Kite shield       |    48 |    56 |   138 |    48 ||   290
       Rpst.: Long sword |     7 |       |       |     7 ||    14
       Falchion          |       |     7 |     8 |       ||    15
